[Event "*** Titled Tuesday Blitz"]
[Site "Chess.com"]
[Date "2020.03.03"]
[Round "7"]
[White "kingofthenil"]
[Black "ChristianAlm"]
[Result "1-0"]
[WhiteElo "2581"]
[BlackElo "2365"]
[TimeControl "180+1"]
[EndTime "14:13:06 PST"]
[Termination "kingofthenil won by resignation"]

1. e4 c5 2. d3 g6 3. g3 Bg7 4. Bg2 Nc6 5. f4 d6 6. Nf3 Nf6 7. O-O O-O 8. Nc3 Bg4 9. h3 Bxf3 10. Qxf3 Nd4 11. Qf2 Rb8 12. Nd1 Nd7 13. c3 Nc6 14. Be3 Qc7 15. Rc1 Rfc8 16. d4 cxd4 17. cxd4 Qa5 18.
Nc3 Nb4 19. Qd2 Nb6 20. a3 Na6 21. Qe2 e6 22. f5 Nc4 23. Bf2 exf5 24. exf5 Qxf5 25.
Nd5 Qe6 26. Qxe6 fxe6 27. Ne7+ Kh8 28. Nxc8 Rxc8 29. Bxb7 1-0

[Event "*** Titled Tuesday Blitz"]
[Site "Chess.com"]
[Date "2020.03.03"]
[Round "7"]
[White "Godzillator"]
[Black "nonscitis"]
[Result "0-1"]
[WhiteElo "2413"]
[BlackElo "2596"]
[TimeControl "180+1"]
[EndTime "14:13:09 PST"]
[Termination "nonscitis won by resignation"]

1. d4 c5 2. d5 Nf6 3. c4 e6 4. Nc3 exd5 5. cxd5 Bd6 6. e4 O-O 7. Bd3 a6 8. a4 Re8 9. Nge2 Bc7 10. O-O d6 11.
Bg5 Nbd7 12. h3 h6 13. Bh4 Nf8 14. f4 Ng6 15. Bg3 Rb8 16. Kh1 Bd7 17. Qd2 b5 18. axb5 axb5 19. e5 dxe5 20. Bxg6 fxg6 21. d6 Ba5 22.
fxe5 Nh5 23. Bh2 Bc6 24. Qd3 Qg5 25. Rf2 c4 26. Qe3 Qxe3 0-1

[Event "*** Titled Tuesday Blitz"]
[Site "Chess.com"]
[Date "2020.03.03"]
[Round "7"]
[White "Vegan4future"]
[Black "talman67"]
[Result "1/2-1/2"]
[WhiteElo "2532"]
[BlackElo "2523"]
[TimeControl "180+1"]
[EndTime "14:13:10 PST"]
[Termination "Game drawn by repetition"]

1. e4 e5 2. Nf3 Nc6 3. d4 exd4 4. Nxd4 Nf6 5. Nxc6 bxc6 6. e5 Qe7 7. Qe2 Nd5 8.
c4 Nb6 9. b3 a5 10. Bb2 a4 11.
Nc3 axb3 12. axb3 Rxa1+ 13. Bxa1 Qa3 14. Qb2 Qa5 15. Be2 Qxe5 16. O-O Bb4 17. Qc2 Qe7 18. Bd3 h6 19. Na2 Bd6 20. Bxg7 Rg8 21. Bb2 Bxh2+ 22. Kxh2 Qh4+ 23. Kg1 Rxg2+ 24. Kxg2 Qg4+ 25. Kh2 Qh4+ 26. Kg2 Qg4+ 27. Kh2 Qh4+ 28. Kg2 1/2-1/2

[Event "*** Titled Tuesday Blitz"]
[Site "Chess.com"]
[Date "2020.03.03"]
[Round "7"]
[White "silverback96"]
[Black "Bongcloudtransvestit"]
[Result "0-1"]
[WhiteElo "2051"]
[BlackElo "2346"]
[TimeControl "180+1"]
[EndTime "14:13:16 PST"]
[Termination "Bongcloudtransvestit won by resignation"]

1. e4 g6 2. d4 d6 3. Nc3 Nf6 4. Nf3 Bg7 5. Bc4 O-O 6. h3 Nxe4 7. Nxe4 d5 8. Bd3 dxe4 9. Bxe4 Nd7 10. O-O c5 11. c3 cxd4 12. Nxd4 Nc5 13. Bf3 e5 14. Nb3 Nd3 15. Be3 Nxb2 16. Qe2 Na4 17. Qb5 Nxc3 18. Qc4 e4 19. Bxe4 Nxe4 20. Qxe4 Bf5 21. Qxb7 Bxa1 22. Rxa1 a5 23. Qf3 Re8 24. Rd1 Qe7 25. Bd4 Qe2 26. Qxe2 Rxe2 27. a3 Bc2 28. Rd2 Re1+ 0-1

[Event "*** Titled Tuesday Blitz"]
[Site "Chess.com"]
[Date "2020.03.03"]
[Round "7"]
[White "albano87"]
[Black "pedroholly22"]
[Result "1-0"]
[WhiteElo "1925"]
[BlackElo "2305"]
[TimeControl "180+1"]
[EndTime "14:13:20 PST"]
[Termination "albano87 won by resignation"]

1. d4 c5 2. e3 b6 3. Nf3 Bb7 4. Be2 g6 5. O-O Bg7 6. c4 Nf6 7. Nc3 O-O 8. b3 d6 9. Bb2 Ne4 10. Nxe4 Bxe4 11. Qd2 Nc6 12. d5 Bxf3 13. Bxf3 Ne5 14.
Be2 f6 15. f4 Nd7 16. e4 f5 17. Bf3 fxe4 18. Bxg7 exf3 19. Bxf8 Qxf8 20. Rxf3 Qf6 21. Re1 a6 22. Re6 Qf7 23. Rfe3 Re8 24. Qe2 Kf8 25.
g3 Nf6 26. a4 b5 27. cxb5 axb5 28. Qxb5 Nxd5 29. Re1 Qf5 30. Rxd6 Nxf4 31. Rf1 Nh3+ 32. Kg2 exd6 33. Rxf5+ gxf5 34. Kxh3 Kf7 35. Qd7+ Re7 36. Qxf5+ Ke8 37. Qc8+ Kf7 38. a5 h5 39. a6 h4 40.
Kxh4 d5 41. Qf5+ Kg7 42. Qg5+ Kf7 43. Qxd5+ Kf6 44. Qd6+ Kf7 45. Qxe7+ Kxe7 46. a7 Kd6 47. a8=Q c4 48. bxc4 Kc5 49. Qd5+ Kb4 50. c5 Kc3 51.
c6 1-0

[Event "*** Titled Tuesday Blitz"]
[Site "Chess.com"]
[Date "2020.03.03"]
[Round "7"]
[White "renehp"]
[Black "yoolund"]
[Result "0-1"]
[WhiteElo "2313"]
[BlackElo "2543"]
[TimeControl "180+1"]
[EndTime "14:13:21 PST"]
[Termination "yoolund won by resignation"]

1. e4 g6 2. d4 Bg7 3. Nc3 d6 4.
f4 a6 5. Be3 b5 6. Bd3 Nd7 7. Nf3 Bb7 8. O-O Rc8 9. Kh1 c5 10. dxc5 Nxc5 11. Bd4 Nf6 12. e5 dxe5 13. Bxe5 Nxd3 14. cxd3 O-O 15. d4 Nd5 16. Nxd5 Qxd5 17. Bxg7 Kxg7 18. Re1 e6 19. Qe2 Rc4 20. b3 Rc3 21.
Rac1 Rfc8 22. Qd2 Rxf3 23. gxf3 Qxf3+ 24. Kg1 Qh1+ 25. Kf2 Qxh2+ 26. Ke3 Qg3+ 0-1

[Event "*** Titled Tuesday Blitz"]
[Site "Chess.com"]
[Date "2020.03.03"]
[Round "7"]
[White "TST2014"]
[Black "MathiasWomacka"]
[Result "1-0"]
[WhiteElo "2577"]
[BlackElo "2390"]
[TimeControl "180+1"]
[EndTime "14:13:30 PST"]
[Termination "TST2014 won by resignation"]

1. d4 Nf6 2. c4 e6 3. Nf3 Bb4+ 4. Bd2 Qe7 5. g3 Bxd2+ 6. Nbxd2 d6 7. Bg2 O-O 8. O-O e5 9. e4 Bg4 10. d5 a5 11. h3 Bxf3 12. Qxf3 Na6 13. b3 g6 14.
a3 b6 15. Rab1 Nc5 16. b4 axb4 17. axb4 Ncd7 18. Ra1 h5 19. h4 Ng4 20. Bh3 Rxa1 21. Rxa1 f5 22. Ra7 fxe4 23. Qxe4 Qf6 24. f3 g5 25. Rxc7 gxh4 26. Rxd7 Qh6 27. Bxg4 1-0

[Event "*** Titled Tuesday Blitz"]
[Site "Chess.com"]
[Date "2020.03.03"]
[Round "7"]
[White "INLOVEWITHF"]
[Black "Keaton87"]
[Result "1-0"]
[WhiteElo "2430"]
[BlackElo "2618"]
[TimeControl "180+1"]
[EndTime "14:13:31 PST"]
[Termination "INLOVEWITHF won by resignation"]

1. d4 g6 2. Nf3 Bg7 3. g3 b6 4. Bg2 Bb7 5. O-O e6 6. c4 Ne7 7. Nc3 d6 8. e4 Nd7 9. d5 e5 10. Ne1 O-O 11. Nd3 f5 12. f4 exf4 13. Nxf4 Nc5 14. Be3 Bc8 15. Qc2 fxe4 16. b4 Nd3 17. Nxd3 exd3 18. Qxd3 Bf5 19. Qd2 Qd7 20. Rae1 Rae8 21.
c5 dxc5 22. bxc5 bxc5 23. Bxc5 Rf7 24. Ne4 Nxd5 25. Qxd5 Qb5 26. Ng5 1-0

[Event "*** Titled Tuesday Blitz"]
[Site "Chess.com"]
[Date "2020.03.03"]
[Round "7"]
[White "SoltaniciR"]
[Black "francyIM"]
[Result "0-1"]
[WhiteElo "2524"]
[BlackElo "2711"]
[TimeControl "180+1"]
[EndTime "14:13:34 PST"]
[Termination "francyIM won by resignation"]

1. e4 e5 2. Nf3 Nc6 3. Bb5 a6 4.
Ba4 Nf6 5. O-O Be7 6. Re1 b5 7. Bb3 O-O 8. d3 d6 9. c3 h6 10.
Nbd2 Re8 11. Nf1 Bf8 12. Ng3 Bb7 13. d4 Na5 14. Bc2 Nc4 15. b3 Nb6 16. a4 g6 17. a5 Nbd7 18. d5 Bg7 19. c4 bxc4 20. bxc4 Nh7 21. Be3 h5 22. h3 Bc8 23. Nd2 Rf8 24.
Nb3 h4 25. Nf1 f5 26. f3 Ndf6 27. c5 Nh5 28. exf5 gxf5 29. Ra4 f4 30. Bf2 Qg5 31.
Kh1 Bd7 32. c6 Bf5 33. Nbd2 Ng3+ 34. Nxg3 hxg3 35. Bg1 Bxh3 36. Bxh7+ Kxh7 37. Qc2+ Bf5 0-1

[Event "*** Titled Tuesday Blitz"]
[Site "Chess.com"]
[Date "2020.03.03"]
[Round "7"]
[White "ZWISCHENZUGGED"]
[Black "davigator"]
[Result "1-0"]
[WhiteElo "2547"]
[BlackElo "2319"]
[TimeControl "180+1"]
[EndTime "14:13:39 PST"]
[Termination "ZWISCHENZUGGED won by resignation"]

1. d4 Nf6 2. c4 e6 3. g3 Bb4+ 4.
Bd2 a5 5. Bg2 O-O 6. Nf3 b6 7.
O-O Ba6 8. Qc2 c6 9. Bf4 Be7 10. Nbd2 d5 11. Rfc1 Nbd7 12. e4 Rc8 13. e5 Ne8 14. h4 h6 15. cxd5 cxd5 16. Qd1 Nb8 17. Nf1 Nc6 18. Qd2 Bxf1 19. Bxf1 Nb8 20. Rxc8 Qxc8 21.
Rc1 Qb7 22. Bxh6 gxh6 23. Qxh6 f6 24. Bd3 f5 25. Qxe6+ Kg7 26. Bxf5 Rf7 27. Qg6+ Kf8 28. Be6 Bd8 29. Qxf7+ Qxf7 30. Bxf7 Kxf7 31. Ng5+ Ke7 32. h5 Kd7 33. Nf7 Nc6 34. Rxc6 1-0

[Event "*** Titled Tuesday Blitz"]
[Site "Chess.com"]
[Date "2020.03.03"]
[Round "7"]
[White "NikolaGry"]
[Black "Alexander_Moskalenko"]
[Result "1-0"]
[WhiteElo "2660"]
[BlackElo "2820"]
[TimeControl "180+1"]
[EndTime "14:13:45 PST"]
[Termination "NikolaGry won by checkmate"]

1. b3 Nf6 2. Bb2 g6 3. Bxf6 exf6 4. c4 d5 5. cxd5 Qxd5 6. a3 f5 7. Nc3 Qd8 8. Nf3 c6 9. e3 Bg7 10. Be2 O-O 11. O-O a5 12. d4 Be6 13. Bc4 Qe7 14.
Bxe6 fxe6 15. Qc2 Nd7 16. Rfd1 e5 17. d5 e4 18. Nd4 Bxd4 19. Rxd4 Ne5 20. d6 Qe6 21. Na4 Nd3 22. Nc5 Nxc5 23. Qxc5 Qxb3 24. d7 Rfd8 25. h4 Kf7 26. Rad1 Qb5 27. Qd6 Ra6 28.
Qc7 Qb6 29. Qf4 c5 30. Rd6 Qb3 31. Qg5 Raa8 32. h5 Rg8 33. Qf6# 1-0

[Event "*** Titled Tuesday Blitz"]
[Site "Chess.com"]
[Date "2020.03.03"]
[Round "7"]
[White "Orest_Vovk"]
[Black "violetflower04"]
[Result "1-0"]
[WhiteElo "2533"]
[BlackElo "2201"]
[TimeControl "180+1"]
[EndTime "14:13:51 PST"]
[Termination "Orest_Vovk won by resignation"]

1. d4 d5 2. Bf4 e6 3. e3 Nf6 4.
Nf3 c5 5. c3 Nc6 6. Be2 Ke7 7.
O-O c4 8. Nbd2 h6 9. h3 g5 10.
Bh2 Bg7 11. Ne5 Nd7 12. f4 Ndxe5 13. fxe5 Rf8 14. e4 f6 15. exf6+ Bxf6 16. e5 Bg7 17. Qc2 Rxf1+ 18. Rxf1 Qh8 19. Qg6 Qg8 20. Bh5 Nd8 21. b3 b5 22. h4 gxh4 23. Bf4 Nf7 24. Be3 Nh8 25. Qg4 Bd7 26. Qxh4+ 1-0

[Event "*** Titled Tuesday Blitz"]
[Site "Chess.com"]
[Date "2020.03.03"]
[Round "7"]
[White "Bryakin_Mikhail"]
[Black "StoreySniper"]
[Result "1-0"]
[WhiteElo "2665"]
[BlackElo "2436"]
[TimeControl "180+1"]
[EndTime "14:13:56 PST"]
[Termination "Bryakin_Mikhail won by resignation"]

1. Nf3 g6 2. h4 Bg7 3. h5 c5 4.
hxg6 hxg6 5. Rxh8 Bxh8 6. c4 Nc6 7. Nc3 d6 8. e3 Bg4 9. b3 Bxc3 10. dxc3 Qa5 11.
Qc2 Bxf3 12. gxf3 Nf6 13. f4 O-O-O 14. Bg2 Rh8 15. Bd2 Rh2 16. Bf3 Rh3 17. Ke2 Qc7 18. Rh1 Rxh1 19. Bxh1 Qd7 20. Bf3 Qh3 21. b4 Kc7 22.
Qa4 Qd7 23. b5 Nd8 24. Qxa7 Qe6 25. b6+ Kc8 26. Bxb7+ Nxb7 27. Qa8+ Kd7 28. Qxb7+ Ke8 29. Qb8+ Kd7 30. b7 Qxc4+ 31. Ke1 1-0

[Event "*** Titled Tuesday Blitz"]
[Site "Chess.com"]
[Date "2020.03.03"]
[Round "7"]
[White "EugeneRougon"]
[Black "AminMolaei"]
[Result "1-0"]
[WhiteElo "2690"]
[BlackElo "2526"]
[TimeControl "180+1"]
[EndTime "14:13:57 PST"]
[Termination "EugeneRougon won by resignation"]

1. e4 d5 2. exd5 Qxd5 3. Nc3 Qd8 4. d4 Nf6 5. Nf3 e6 6. Bc4 Nbd7 7. O-O a6 8. Qe2 Bd6 9. Ne5 O-O 10. Bg5 h6 11. Bh4 Be7 12. Rfe1 Nb6 13. Bb3 Qxd4 14. Bg3 Nbd7 15.
Rad1 Qa7 16. Nxf7 Nc5 17. Ne5 Nxb3 18. axb3 Re8 19. Ne4 Qb6 20. Nxf6+ Bxf6 21. Qh5 Rf8 22. Ng6 Rf7 23. Ne5 Bxe5 24. Rd8+ Rf8 25. Rxf8+ Kxf8 26. Bxe5 Qc6 27. Re3 Qd5 28. Rf3+ 1-0

[Event "*** Titled Tuesday Blitz"]
[Site "Chess.com"]
[Date "2020.03.03"]
[Round "7"]
[White "PNEPaul"]
[Black "DACF2905"]
[Result "1-0"]
[WhiteElo "1930"]
[BlackElo "2186"]
[TimeControl "180+1"]
[EndTime "14:14:12 PST"]
[Termination "PNEPaul won by resignation"]

1. e4 e5 2. Nf3 Nf6 3. Nxe5 d6 4. Nxf7 Kxf7 5. d4 Nxe4 6. Qh5+ g6 7. Qd5+ Be6 8. Qxe4 d5 9. Qf3+ Qf6 10. Qxf6+ Kxf6 11. Bd3 Bd6 12. O-O Kg7 13. f4 Rf8 14. c3 c5 15. Be3 cxd4 16. Bxd4+ Kg8 17. g3 Nc6 18. Bf2 Bh3 19. Re1 Rfe8 20. Nd2 a6 21.
Nf3 Bg4 22. Nd4 Nxd4 23. Bxd4 Bf3 24. Kf2 Bg4 25. Rxe8+ Rxe8 26. Re1 Rxe1 27. Kxe1 b5 28. a4 Bd7 29. axb5 axb5 30. b4 Kf7 31. Kf2 Bf5 32. Bxf5 gxf5 33. Ke3 Kg6 34. Be5 Bxe5 35. fxe5 Kf7 36.
Kd4 Ke6 37. Kc5 Kxe5 38. Kxb5 h5 39. Kc6 h4 40. b5 d4 41. cxd4+ Kxd4 42. b6 hxg3 43.
hxg3 Ke3 44. b7 Kf3 45. b8=Q 1-0

[Event "*** Titled Tuesday Blitz"]
[Site "Chess.com"]
[Date "2020.03.03"]
[Round "7"]
[White "northridgehawk"]
[Black "Danfii"]
[Result "0-1"]
[WhiteElo "2261"]
[BlackElo "2417"]
[TimeControl "180+1"]
[EndTime "14:14:14 PST"]
[Termination "Danfii won by checkmate"]

1. e4 e5 2. Nf3 Nc6 3. Bb5 a6 4. Ba4 Nf6 5. d3 b5 6. Bb3 Bc5 7. Nc3 d6 8. a3 h6 9. O-O Bg4 10. Be3 Nd4 11. Bxd4 Bxd4 12. h3 Bh5 13. Nd5 Ba7 14.
c3 O-O 15. a4 c6 16. Ne3 Bb6 17. axb5 axb5 18. Qe2 Nh7 19. Nf5 Rxa1 20. Rxa1 Ng5 21. Ra6 Bxf3 22. gxf3 Nxh3+ 23. Kh2 Nf4 24. Qf1 g6 25.
Qg1 Kh7 26. Qg4 gxf5 27. Qxf5+ Kh8 28. d4 Qh4+ 29. Kg1 Rg8+ 30. Kf1 Qh1# 0-1

[Event "*** Titled Tuesday Blitz"]
[Site "Chess.com"]
[Date "2020.03.03"]
[Round "7"]
[White "2165149677570"]
[Black "HZMC92"]
[Result "0-1"]
[WhiteElo "2237"]
[BlackElo "2383"]
[TimeControl "180+1"]
[EndTime "14:14:14 PST"]
[Termination "HZMC92 won on time"]

1. d4 d5 2. c4 e6 3. Nf3 c6 4. e3 f5 5. Nc3 Bd6 6. h3 Nh6 7.
Rg1 O-O 8. g4 fxg4 9. hxg4 Qe7 10. Be2 b6 11. Ne5 Bxe5 12. dxe5 Qh4 13. Rg3 Nd7 14.
cxd5 Nxe5 15. Qd4 Qh1+ 16. Kd2 Nef7 17. dxe6 Rd8 18. exf7+ Nxf7 19. Qxd8+ Nxd8 0-1

[Event "*** Titled Tuesday Blitz"]
[Site "Chess.com"]
[Date "2020.03.03"]
[Round "7"]
[White "atbenina64"]
[Black "moro182"]
[Result "1/2-1/2"]
[WhiteElo "2539"]
[BlackElo "2696"]
[TimeControl "180+1"]
[EndTime "14:14:19 PST"]
[Termination "Game drawn by repetition"]

1. c4 Nf6 2. Nc3 e6 3. e4 c5 4. e5 Ng8 5. Nf3 Nc6 6. d4 cxd4 7. Nxd4 Nxd4 8. Qxd4 Ne7 9. Be3 Nc6 10. Qe4 Qa5 11. f4 Bb4 12. Bd2 b6 13. a3 Bxc3 14. Bxc3 Qa4 15.
Bd3 Bb7 16. Bc2 Qa6 17. Qe2 Na5 18. Bd3 Nb3 19. Rd1 Rc8 20. c5 Qa4 21. Bb5 Qxf4 22. Bxd7+ Ke7 23. cxb6 Rxc3 24. bxc3 axb6 25. Bb5 Nc5 26.
Rf1 Qxh2 27. Qe3 Qxg2 28. Qxc5+ bxc5 29. Rd7+ Ke8 30. Rd2+ Kf8 31. Rd8+ Ke7 32. Rd7+ Ke8 33. Rd6+ Kf8 34. Rd8+ Ke7 35. Rd7+ 1/2-1/2

[Event "*** Titled Tuesday Blitz"]
[Site "Chess.com"]
[Date "2020.03.03"]
[Round "7"]
[White "shanemelaughcm"]
[Black "Witaliss"]
[Result "0-1"]
[WhiteElo "2284"]
[BlackElo "2450"]
[TimeControl "180+1"]
[EndTime "14:14:21 PST"]
[Termination "Witaliss won by resignation"]

1. e4 d5 2. exd5 Nf6 3. d4 Nxd5 4. Nf3 g6 5. c3 Bg7 6. Be2 O-O 7. O-O Nd7 8. Nbd2 c5 9. dxc5 Nxc5 10. Nb3 Na4 11.
Nbd4 Naxc3 12. bxc3 Nxc3 13. Qc2 Bxd4 14. Nxd4 Qxd4 15. Bb2 Nxe2+ 16. Qxe2 Qd6 17. Rad1 Qe6 18. Qd2 Qxa2 19. Qd4 f6 20. Rfe1 Re8 21. Ra1 Qf7 22.
Rxa7 e5 23. Qb6 Rxa7 24. Qxa7 Be6 25. Rc1 Bd5 26. Qb6 Bc6 27. Ba3 Qd5 28. f3 Ra8 29. Bc5 Ra2 30. Bf2 Rd2 31. Re1 h5 32. Qb4 Kf7 33. Qa5 Qxa5 0-1

[Event "*** Titled Tuesday Blitz"]
[Site "Chess.com"]
[Date "2020.03.03"]
[Round "7"]
[White "Sibelephant"]
[Black "TigrVShlyape"]
[Result "1/2-1/2"]
[WhiteElo "3029"]
[BlackElo "2897"]
[TimeControl "180+1"]
[EndTime "14:14:22 PST"]
[Termination "Game drawn by agreement"]

1. Nf3 Nf6 2. g3 g6 3. b3 Bg7 4. Bb2 O-O 5. Bg2 d5 6. c4 c6 7.
O-O Bg4 8. d4 Bxf3 9. Bxf3 e6 10.
Nc3 Nbd7 11. e3 Re8 12. Qc2 a5 13. Bg2 Nb6 14. Ne2 Nbd7 15. Rfd1 Qb6 16. Nf4 Red8 17. Nd3 Qa7 18. Rac1 Bf8 19. h3 Bg7 20. Qe2 Ne8 21. Rc2 a4 22. Bc3 axb3 23. axb3 Qb6 24. Rb2 Ra7 25. Qc2 Rda8 26. Be1 Ra3 27. b4 Qa7 28. cxd5 cxd5 29. b5 Ra1 30. Rbb1 Rxb1 31. Rxb1 Nb6 32. Bb4 Nc4 33. Nf4 Qa4 34. Qxa4 Rxa4 1/2-1/2

[Event "*** Titled Tuesday Blitz"]
[Site "Chess.com"]
[Date "2020.03.03"]
[Round "7"]
[White "SerGo055"]
[Black "MusicCityMaster"]
[Result "1-0"]
[WhiteElo "2523"]
[BlackElo "2385"]
[TimeControl "180+1"]
[EndTime "14:14:25 PST"]
[Termination "SerGo055 won by resignation"]

1. d4 Nf6 2. Nf3 c5 3. c3 e6 4.
Bf4 d5 5. e3 Nc6 6. Nbd2 Bd6 7.
Ne5 Qe7 8. Bg3 h5 9. f4 h4 10.
Bf2 Bd7 11. Be2 O-O-O 12. Qc2 Kb8 13. a4 Rc8 14. a5 Ne8 15. Bf3 cxd4 16. exd4 Bxe5 17.
dxe5 f6 18. O-O fxe5 19. fxe5 Nxe5 20. Rfe1 Nxf3+ 21. Nxf3 h3 22. Qd3 Nd6 23. Qxd5 Bc6 24.
Qe5 Ka8 25. Qe3 b5 26. axb6 Nb5 27. Nd4 Qb7 28. Nxb5 1-0

[Event "*** Titled Tuesday Blitz"]
[Site "Chess.com"]
[Date "2020.03.03"]
[Round "7"]
[White "Atanejhad"]
[Black "deBaller"]
[Result "1-0"]
[WhiteElo "2587"]
[BlackElo "2356"]
[TimeControl "180+1"]
[EndTime "14:14:26 PST"]
[Termination "Atanejhad won by resignation"]

1. e4 e6 2. d4 d5 3. Nd2 a6 4. Ngf3 c5 5. exd5 exd5 6. dxc5 Bxc5 7. Bd3 Nf6 8. O-O O-O 9. Nb3 Bb6 10. Bg5 h6 11. Bf4 Nc6 12. h3 Ne4 13. c3 Be6 14. Nfd4 Nxd4 15. Nxd4 Bxd4 16. cxd4 Qb6 17. Bxe4 dxe4 18.
d5 Rfd8 19. d6 Bc4 20. Re1 Bd3 21. b3 Rac8 22. Rc1 Rxc1 23. Qxc1 Kf8 24. Qc3 Qc6 25. Qd4 Qb5 26. Bxh6 Ke8 27. Bxg7 Kd7 28. Be5 Re8 29. Bg3 Qc6 30. Qf6 Qd5 31. Rc1 Bc2 32. Rxc2 Qd1+ 33. Kh2 Qxc2 34. Qxf7+ Kd8 35. Bh4+ Re7 36. Qxe7+ 1-0

[Event "*** Titled Tuesday Blitz"]
[Site "Chess.com"]
[Date "2020.03.03"]
[Round "7"]
[White "Shahinyan_ChessMood"]
[Black "guillembaches"]
[Result "1-0"]
[WhiteElo "2624"]
[BlackElo "2430"]
[TimeControl "180+1"]
[EndTime "14:14:27 PST"]
[Termination "Shahinyan_ChessMood won by resignation"]

1. e4 c5 2. Nc3 Nc6 3. Bb5 e6 4.
Bxc6 bxc6 5. d3 d5 6. Nf3 Nf6 7. O-O Be7 8. Qe2 O-O 9. Nd1 c4 10. e5 cxd3 11. cxd3 Nd7 12. Bf4 Ba6 13. b3 c5 14. Nb2 Qb6 15. Rfc1 Rac8 16. Be3 Rc6 17. Qd2 Rfc8 18. Rc2 Qb4 19. Rac1 Qg4 20. Bf4 h6 21. h3 Qf5 22. Nd4 Qg6 23. Nxc6 Rxc6 24. d4 Qe4 25. Qe3 Qg6 26. dxc5 d4 27. Qxd4 Nf8 28. Bg3 h5 29.
b4 Bb7 30. h4 Rc8 31. Nc4 Rd8 32. Nd6 Ba8 33. c6 1-0

[Event "*** Titled Tuesday Blitz"]
[Site "Chess.com"]
[Date "2020.03.03"]
[Round "7"]
[White "Mbneu"]
[Black "kinga2008"]
[Result "1-0"]
[WhiteElo "2211"]
[BlackElo "1943"]
[TimeControl "180+1"]
[EndTime "14:14:30 PST"]
[Termination "Mbneu won on time"]

1. d4 Nf6 2. c4 g6 3. Nc3 Bg7 4.
e4 d6 5. f4 c5 6. d5 O-O 7. Nf3 e6 8. Be2 exd5 9. cxd5 Re8 10. e5 dxe5 11. fxe5 Ng4 12. e6 fxe6 13. Bg5 Qb6 14. Qd2 e5 15. O-O Bf5 16. Nh4 h6 17. Nxf5 gxf5 18. Bxg4 fxg4 19. Be3 Nd7 20. d6 Qc6 21. Bxh6 Re6 22. Bxg7 Kxg7 23. Qg5+ Rg6 24. Qe7+ Kh6 25. Rf7 Nf6 26. Rxf6 Rg8 27. Rxg6+ Rxg6 28. d7 Rg8 29. Qh4+ 1-0

[Event "*** Titled Tuesday Blitz"]
[Site "Chess.com"]
[Date "2020.03.03"]
[Round "7"]
[White "IngOscarArdila"]
[Black "SloLev"]
[Result "0-1"]
[WhiteElo "2184"]
[BlackElo "2529"]
[TimeControl "180+1"]
[EndTime "14:14:31 PST"]
[Termination "SloLev won by resignation"]

1. d4 d5 2. Nf3 Nf6 3. c4 e6 4. cxd5 exd5 5. Nc3 c6 6. Bg5 Bf5 7. e3 Nbd7 8. Be2 Be7 9. O-O O-O 10. a3 a5 11. Qb3 b5 12. Rac1 Qb6 13. Rfd1 Bd6 14. Nh4 Be6 15. f4 Ne4 16. Nxe4 dxe4 17. Qc2 h6 18. f5 Bd5 19. Bf4 Bxf4 20. exf4 Rfe8 21.
Qd2 e3 22. Qe1 Nf6 23. Bf3 Rad8 24. Rd3 Bc4 25. Rdd1 e2 26. Rd2 Rxd4 27. Kh1 Rxd2 28. Qxd2 Rd8 29. Qe1 Qe3 30. Bxc6 Qxc1 0-1

[Event "*** Titled Tuesday Blitz"]
[Site "Chess.com"]
[Date "2020.03.03"]
[Round "7"]
[White "Imre91"]
[Black "iturrizaga"]
[Result "1-0"]
[WhiteElo "2762"]
[BlackElo "2923"]
[TimeControl "180+1"]
[EndTime "14:14:33 PST"]
[Termination "Imre91 won by resignation"]

1. d4 Nf6 2. Nf3 b6 3. Bg5 Ne4 4. Bh4 Bb7 5. Nbd2 h6 6. Nxe4 Bxe4 7. e3 c5 8. Bd3 Bb7 9. O-O d6 10. Re1 Nd7 11. c3 g5 12. Bg3 Bg7 13. a4 O-O 14. h4 g4 15. Nd2 f5 16. a5 e5 17.
Nc4 Qe7 18. dxe5 dxe5 19. Nd6 Bc6 20. Nxf5 Rxf5 21. Bxf5 Nf6 22. axb6 Rd8 23. Qb3+ Bd5 24. c4 Bb7 25. bxa7 Ba8 26. Qb8 Nh5 27. Be6+ Kh7 28. Bd5 Nxg3 29. fxg3 1-0

[Event "*** Titled Tuesday Blitz"]
[Site "Chess.com"]
[Date "2020.03.03"]
[Round "7"]
[White "NMZanette"]
[Black "kallerotmg"]
[Result "1-0"]
[WhiteElo "2253"]
[BlackElo "2105"]
[TimeControl "180+1"]
[EndTime "14:14:42 PST"]
[Termination "NMZanette won by resignation"]

1. e4 c5 2. Nf3 d6 3. d4 cxd4 4. Nxd4 f5 5. exf5 Nf6 6. Bg5 Nc6 7. Bxf6 exf6 8. Nxc6 bxc6 9. Qh5+ Kd7 10. Bd3 Rb8 11. b3 Qa5+ 12. c3 Ba6 13. Qf7+ Be7 14. Qe6+ Kd8 15.
Bxa6 Qxa6 16. Qe2 Qa5 17. O-O Qxf5 18. Nd2 Re8 19. Qa6 Qd7 20. Nc4 d5 21. Ne3 Bd6 22.
Rfd1 Rb6 23. Qd3 Kc7 24. c4 dxc4 25. Nxc4 c5 26. Nxb6 axb6 27. g3 Qc6 28. Qxh7 Re5 29. Qxg7+ Kb8 30. Qxf6 1-0

[Event "*** Titled Tuesday Blitz"]
[Site "Chess.com"]
[Date "2020.03.03"]
[Round "7"]
[White "RaphCamora"]
[Black "Mikasinski"]
[Result "1-0"]
[WhiteElo "2437"]
[BlackElo "2269"]
[TimeControl "180+1"]
[EndTime "14:14:44 PST"]
[Termination "RaphCamora won by checkmate"]

1. e4 c5 2. Nf3 d6 3. d4 cxd4 4. Nxd4 Nf6 5. Nc3 g6 6. Be3 Bg7 7. f3 Nc6 8. Qd2 O-O 9. Bc4 Bd7 10. O-O-O Rc8 11. Bb3 Ne5 12. h4 h5 13. g4 hxg4 14. h5 Nxh5 15. Bh6 e6 16. Bxg7 Kxg7 17. fxg4 Nxg4 18.
Rdg1 e5 19. Ndb5 Nf4 20. Nxd6 Rxc3 21. bxc3 Qa5 22. Nxf7 Bc6 23. Ng5 Nf2 24. Rh7+ Kf6 25. Qd6+ Ne6 26. Qxe6# 1-0

[Event "*** Titled Tuesday Blitz"]
[Site "Chess.com"]
[Date "2020.03.03"]
[Round "7"]
[White "enriquetejedor"]
[Black "mrkvoz"]
[Result "0-1"]
[WhiteElo "2550"]
[BlackElo "2801"]
[TimeControl "180+1"]
[EndTime "14:14:45 PST"]
[Termination "mrkvoz won by resignation"]

1. d4 d6 2. e4 Nf6 3. Nc3 e5 4. dxe5 dxe5 5. Qxd8+ Kxd8 6. Bc4 Ke8 7. f3 c6 8. Be3 Nbd7 9. a4 a5 10. Nge2 Bc5 11.
Kf2 Ke7 12. Rhd1 Bxe3+ 13. Kxe3 Nb6 14. Bb3 Nfd7 15. Nc1 Nc5 16. Nd3 Nbd7 17. Nxc5 Nxc5 18. Bc4 f6 19. b3 Rd8 20. Rxd8 Kxd8 21. Bg8 h6 22. h4 Ke7 23. h5 Bg4 24. fxg4 Rxg8 25. Rd1 Ne6 26. Ne2 b5 27. Ra1 Ra8 28. axb5 cxb5 29.
Nc3 Nd4 30. Nd5+ Kd6 31. Kd3 Ra6 32. Ra3 Ne6 33. b4 a4 34. c4 bxc4+ 35. Kxc4 Ra8 36. b5 Nc5 37. Nb6 Rb8 38. Nxa4 Nxe4 39. Rd3+ Ke7 40.
b6 Nd6+ 41. Kd5 Rd8 42. Kc6 Rc8+ 43. Kd5 Rd8 44. Rb3 Nb7+ 45. Ke4 Rd4+ 46. Kf5 Rxa4 47. Rg3 Kf7 0-1

[Event "*** Titled Tuesday Blitz"]
[Site "Chess.com"]
[Date "2020.03.03"]
[Round "7"]
[White "VladimirBelous"]
[Black "Jospem"]
[Result "1-0"]
[WhiteElo "2810"]
[BlackElo "2913"]
[TimeControl "180+1"]
[EndTime "14:14:49 PST"]
[Termination "VladimirBelous won by resignation"]

1. c4 c5 2. Nf3 Nc6 3. g3 g6 4. Bg2 Bg7 5. O-O d6 6. Nc3 e6 7.
a3 Nge7 8. b4 O-O 9. Rb1 b6 10.
Bb2 Bb7 11. d3 Qd7 12. bxc5 dxc5 13. Qd2 Rad8 14. Ne4 e5 15. Ba1 Ba8 16. Nc3 h6 17.
Rfd1 Nd4 18. e4 Nec6 19. Nd5 Qd6 20. Nxd4 exd4 21. f4 Ne7 22. Rf1 Bc6 23. e5 Qe6 24. Nxe7+ Qxe7 25. Bxc6 f6 26. Bd5+ Kh8 27. exf6 Qxf6 28.
Rbe1 h5 29. Re6 Qf5 30. Qe2 b5 31. Qe4 Qg4 32. Rxg6 Qh3 33. Be6 Qxf1+ 34. Kxf1 1-0